 Dungeon Crawl Stone Soup version 0.27-a0-1555-g0e7b3fb1d2 (webtiles) character file.

Game seed: 4965849026530144474

18 Spaninq the Chiller (level 2, -1/21 HPs)
             Began as a Merfolk Ice Elementalist on July 14, 2021.
             Frozen to death by an endoplasm (2 damage)
             ... on level 1 of the Dungeon.
             The game lasted 00:02:07 (501 turns).

Spaninq the Chiller (Merfolk Ice Elementalist)       Turns: 501, Time: 00:02:08

Health: -1/21      AC:  2    Str:  8    XL:     2   Next: 66%
Magic:  3/5        EV: 13    Int: 14    God:
Gold:   8          SH:  0    Dex: 14    Spells: 4/5 levels left

rFire    . . .     SeeInvis .   b - +0 dagger
rCold    . . .     Faith    .   (no shield)
rNeg     . . .     Spirit   .   a - +0 robe
rPois    .         Reflect  .   (no helmet)
rElec    .         Harm     .   (no cloak)
rCorr    .         Rampage  .   (no gloves)
Will     .....                  (no boots)
Stlth    ++........             (no amulet)
HPRegen  0.07/turn              (no ring)
MPRegen  0.09/turn              (no ring)

@: no status effects
A: (nimble swimmer 2), mertail
a: no special abilities


You were on level 1 of the Dungeon.
You visited 1 branch of the dungeon, and saw 1 of its levels.

You collected 8 gold pieces.

Inventory:

Hand Weapons
 b - a +0 dagger (weapon)
Armour
 a - a +0 robe (worn)


   Skills:
 + Level 1.6 Fighting
 + Level 3.5 Dodging
 - Level 2.1 Stealth
 - Level 2.0 Spellcasting
 - Level 4.3 Ice Magic


You had 4 spell levels left.
You knew the following spells:

 Your Spells              Type           Power      Damage    Failure   Level
a - Freeze                Ice            52%        1d7       4%          1

Your spell library contained the following spells:

 Spells                   Type           Power      Damage    Failure   Level
 Frozen Ramparts          Ice            26%        1d4       12%         3
 Ozocubu's Armour         Ice            13%        N/A       12%         3
 Hailstorm                Conj/Ice       7%         3d4       67%         4


Dungeon Overview and Level Annotations

Branches:
Dungeon (1/15)

Altars:


Innate Abilities, Weirdness & Mutations

((You are quick and stealthy near water. (Stealth+, EV+, Speed+++)))
Your lower body shifts to a powerful aquatic tail in water.


Message History

Aiming: Freeze (safe; 4% risk of failure)
Press: ? - help, Shift-Dir - straight line, f/p - gnoll
Aim: a gnoll, wielding a +0 war axe (heavily wounded)
You freeze the gnoll.
You kill the gnoll!
The endoplasm freezes you.
You are frozen.
* * * LOW HITPOINT WARNING * * *
The endoplasm barely misses you.
You now have 8 gold pieces.
The endoplasm freezes you.
You are frozen.
* * * LOW HITPOINT WARNING * * *
Found a +0 club.
You see here a +0 club.
Found a faded altar of an unknown god.
A ball python comes into view.
The ball python hisses angrily.
The ball python evades a web.
Casting: Freeze (safe; 4% risk of failure)
Confirm with . or Enter, or press ? or * to list all spells.
Aiming: Freeze (safe; 4% risk of failure)
Press: ? - help, Shift-Dir - straight line, f - ball python
Aim: a ball python You freeze the ball python.
The ball python is moderately wounded.
The ball python seems to slow down.
The ball python barely misses you. The ball python grabs you.
* * * LOW HITPOINT WARNING * * *
The ball python constricts you.
Casting: Freeze (safe; 4% risk of failure)
Confirm with . or Enter, or press ? or * to list all spells.
Aiming: Freeze (safe; 4% risk of failure)
Press: ? - help, Shift-Dir - straight line, f/p - ball python
Aim: a ball python (moderately wounded, constricting you, slow)
You freeze the ball python.
You kill the ball python!
The endoplasm freezes you.
You are frozen.
You die...

##### #.... #### #.###
##..# #.... ##...#
##..#. ##....# ##...#.
##...#.# ##..#.#.
..####..J##J#####..##?..
.......@###............#
......_^# #............#
........# #.#..........#
..####... #.............
. ##.. #.#...........
##....#...........
#...#...........
##.###..........
........


You could see an endoplasm.

Vanquished Creatures
  A gnoll (D:1)
  A dart slug (D:1)
  A ball python (D:1)
  2 goblins (D:1)
  A quokka (D:1)
  2 rats (D:1)
8 creatures vanquished.

Notes
Turn   | Place    | Note
-------+----------+-------------------------------------------
     0 | D:1      | Spaninq the Merfolk Ice Elementalist began the quest for
                  | the Orb.
     0 | D:1      | Reached XP level 1. HP: 13/13 MP: 3/3
   366 | D:1      | Reached skill level 1 in Fighting
   366 | D:1      | Reached XP level 2. HP: 2/21 MP: 0/5
   473 | D:1      | HP: 1/21 [frozen (5)]
   496 | D:1      | Found a faded altar of an unknown god.
   500 | D:1      | HP: 1/21 [ball python (2)]
   501 | D:1      | Frozen to death by an endoplasm

Illustrated notes

Levels and vault maps discovered:
D:1:      lightli_molten_gateway, layout_rooms,
          hellmonk_ecumenical_altar_crossroads, minmay_tromino_i4

Skill      XL: |  1 |
---------------+----+-----
Dodging        | 3 |  3.5
Fighting       | 1 |  1.6
Stealth        | |  2.1
Spellcasting   | |  2.0
Ice Magic      | |  4.3

Action                   || total
-------------------------++-------
Melee: Dagger            ||    10
 Cast: Freeze            ||    14
Armor: Robe              ||     2
Dodge: Dodged            ||    14

Table legend: (Time is in decaauts)
 A = Elapsed time spent in this place.
 B = Non-inter-level travel time spent in this place.
 C = Inter-level travel time spent in this place.
 D = Time resting spent in this place.
 E = Time spent auto-exploring this place.
 F = Levels seen in this place.
 G = Mean time per level.
                   A        B        C        D        E       F      G
               +--------+--------+--------+--------+--------+-----+--------+
         Total |    500 |    500 |      0 |    292 |     42 |   1 |  500.0 |
       Dungeon |    500 |    500 |      0 |    292 |     42 |   1 |  500.0 |
               +--------+--------+--------+--------+--------+-----+--------+

Top non-repeatable levels by time:
     D:1: 500 daAuts
